cohdb
Replays
Latest Replays
All Replays
Popular Replays
Top Player Replays
Match Explorer
How It Works
Community
CoH3 Stats
Reddit
Sign in to upload your games and track your stats! →
Sign in with Steam
Match 42068754
Unlisted
Match 42068754
Overview
Messages
Build Orders
End
Royal Engineer Section
Construct Section Command Post
Infantry Section
Infantry Section
Infantry Section
Grenade Package
Vickers Machine Gun Team
Construct Platoon Command Post
Infantry Training
Construct Field Infirmary
6-pounder Anti-tank Gun Team
Construct Company Command Post
Sandwichtogo
只愛❤毛妹
0
0
Comments
sign in to comment!
No comments posted yet!